 Dungeon Crawl Stone Soup version 0.23.2-40-g277498a001 (webtiles) character file.

Game seed: 17884748645957339458

118 Martska the Chopper (level 4, -5/41 HPs)
             Began as a Minotaur Berserker on Oct 1, 2019.
             Was a Believer of Trog.
             Slain by a gnoll
             ... wielding a +0 spear
              (8 damage)
             ... on level 2 of the Dungeon.
             The game lasted 00:02:54 (2011 turns).

Martska the Chopper (Minotaur Berserker)            Turns: 2011, Time: 00:02:55

Health: -5/41      AC:  2    Str: 23    XL:     4   Next: 72%
Magic:  3/3        EV: 12    Int:  4    God:    Trog [**....]
Gold:   109        SH:  0    Dex:  9    Spells: 3/3 levels left

rFire    . . .     SeeInvis .   a - +0 hand axe
rCold    . . .     Gourm    .   (no shield)
rNeg     . . .     Faith    .   b - +0 animal skin
rPois    .         Spirit   .   (helmet restricted)
rElec    .         Reflect  .   (no cloak)
rCorr    .         Harm     .   (no gloves)
MR       .....                  (no boots)
Stlth    +.........             (no amulet)
HPRegen  0.13/turn              (no ring)
MPRegen  0.08/turn              (no ring)

@: no status effects
A: retaliatory headbutt, horns 2
a: Berserk, Trog's Hand, Renounce Religion


You were on level 2 of the Dungeon.
You worshipped Trog.
Trog was pleased with you.
You were not hungry.

You visited 1 branch of the dungeon, and saw 2 of its levels.

You collected 109 gold pieces.

Inventory:

Hand Weapons
 a - a +0 hand axe (weapon)
Armour
 b - a +0 animal skin (worn)
Wands
 m - a wand of flame (24)
 r - a wand of polymorph (9)
Scrolls
 e - a scroll of teleportation {unknown}
 f - a scroll of enchant armour {unknown}
 g - a scroll of identify {unknown}
 h - a scroll of amnesia {unknown}
 i - a scroll of enchant weapon {unknown}
 k - a scroll of magic mapping {unknown}
 q - 2 scrolls of remove curse {unknown}
Potions
 d - a potion of flight {unknown}
 j - a potion of might {unknown}
 l - a potion of magic {unknown}
 n - a potion of berserk rage {unknown}
 o - a potion of brilliance {unknown}
 p - a potion of invisibility
Comestibles
 c - 3 rations


   Skills:
 * Level 4.8 Fighting
 * Level 5.4 Axes
 * Level 3.1 Armour
 - Level 2.1 Dodging
 + Level 0.1 Stealth


You had 3 spell levels left.
You didn't know any spells.
Your spell library was empty.

Dungeon Overview and Level Annotations

Branches:
Dungeon (2/15)

Altars:


Innate Abilities, Weirdness & Mutations

You reflexively headbutt those who attack you in melee.
You have a pair of horns on your head.


Message History

You barely miss the gnoll.
The gnoll is almost dead.
The gnoll misses you. The gnoll hits you but does no damage.
You hit the gnoll.
You kill the gnoll!
Trog accepts your kill.
The gnoll hits you from afar with a +0 spear.
The gnoll throws a throwing net.
The throwing net barely misses you. The gnoll barely misses you.
Something hits you but does no damage. The gnoll completely misses you.
You see here a gnoll corpse.
You hit the gnoll.
The gnoll is moderately wounded.
You hit the gnoll. The gnoll hits you with a +0 spear!
The gnoll closely misses you. Something hits you!
* * * LOW HITPOINT WARNING * * *
You slash the gnoll!
The gnoll is almost dead.
You hit the gnoll. The gnoll hits you with a +0 spear!
You die...

#..........#
#..........#
#(.........# #
#.<........# #
#..........####
#..........##..
###########...#
######..........###
#g@(...##########
.....{g######
#######


You could see 2 gnolls.

Vanquished Creatures
  A worker ant zombie (D:2)
  A gnoll (D:2)
  3 adders (D:2)
  An ooze (D:2)
  A worm (D:2)
  3 dart slugs (D:1)
  A leopard gecko (D:1)
  5 giant cockroaches
  6 goblins
  3 hobgoblins
  3 jackals (D:1)
  13 kobolds
  3 quokkas (D:2)
  4 frilled lizards (D:2)
  5 rats
53 creatures vanquished.

Notes
Turn   | Place    | Note
-------+----------+-------------------------------------------
     0 | D:1      | Martska the Minotaur Berserker began the quest for the Orb.
     0 | D:1      | Reached XP level 1. HP: 19/19 MP: 0/0
    72 | D:1      | Reached skill level 4 in Axes
    72 | D:1      | Reached XP level 2. HP: 13/27 MP: 1/1
   980 | D:1      | Reached XP level 3. HP: 33/33 MP: 2/2
  1292 | D:2      | Reached ** piety under Trog
  1479 | D:2      | Reached skill level 5 in Axes
  1479 | D:2      | Reached XP level 4. HP: 41/41 MP: 3/3
  2011 | D:2      | Slain by a gnoll

Skill      XL: |  1  2  3 |
---------------+----------+-----
Axes           | 4 5 |  5.4
Fighting       | 4 |  4.8
Armour         | 3 |  3.1
Dodging        | |  2.1
Stealth        | |  0.1

Action                   |  1- 3 |  4- 6 || total
-------------------------+-------+-------++-------
Melee: Hand axe          |    71 |    49 ||   120
       Headbutt          |    14 |    10 ||    24
Invok: Berserk           |     1 |       ||     1
 Stab: Sleeping          |     1 |       ||     1
  Eat: Chunk             |     1 |       ||     1
       Ration            |       |     2 ||     2
Armor: Animal skin       |    21 |     7 ||    28
Dodge: Dodged            |    62 |    27 ||    89
